 Dungeon Crawl Stone Soup version 0.31.0-12-g77e489cdc1 (webtiles) character file.

Game seed: 16897740366602686781

73624 wingedge the Thaumaturge (level 14, -2/118 HPs)
             Began as a Demigod Earth Elementalist on Feb 20, 2024.
             Slain by an ogre
             ... wielding a +0 giant spiked club
              (12 damage)
             ... on level 2 of the Orcish Mines.
             The game lasted 01:42:16 (21352 turns).

wingedge the Thaumaturge (DgEE)                    Turns: 21352, Time: 01:42:16

Health: -2/118     AC: 14    Str: 19    XL:     14   Next: 62%
Magic:  23/32      EV: 14    Int: 32    God:
Gold:   911        SH:  0    Dex: 14    Spells: 3/33 levels left

rFire   . . .        a - +5 broad axe of Tuclaetoy {drain, Str+6}
rCold   . . .        (no shield)
rNeg    . . .        i - +2 robe {Will+}
rPois   .            p - +1 helmet {Int+3}
rElec   .            (no cloak)
rCorr   .            L - +0 pair of gloves
SInv    .            K - +1 pair of boots {rampage}
Will    ++...        u - amulet of magic regeneration
Stlth   +++          j - ring of wizardry
HPRegen 0.39/turn    I - +4 ring of protection
MPRegen 0.63/turn

%: rampage, wizardry (x1)
@: no status effects
A: high MP 1, forlorn, divine attributes
a: no special abilities


You were on level 2 of the Orcish Mines.
You visited 3 branches of the dungeon, and saw 18 of its levels.

You collected 1301 gold pieces.
You spent 390 gold pieces at shops.

Inventory:

Hand Weapons
 a - the +5 broad axe of Tuclaetoy (weapon) {drain, Str+6}
   (You bought it in a shop on level 2 of the Dungeon)

   Str+6:     It affects your strength (+6).
 b - the +1 spear "Sewk" {spect, rC+ rCorr Dex+3}
   (You found it on level 1 of the Lair of Beasts)

   Dex+3:     It affects your dexterity (+3).
   rC+:       It protects you from cold.
   rCorr:     It protects you from acid and corrosion.
Missiles
 k - 4 throwing nets
Armour
 i - a +2 robe of willpower (worn)
 p - a +1 helmet of intelligence (worn)
 F - a +3 ring mail of fire resistance
 K - a +1 pair of boots of rampaging (worn)
 L - a +0 pair of gloves (worn)
 U - a +0 kite shield
 Y - a +0 ring mail of poison resistance
Jewellery
 j - a ring of wizardry (left hand)
 u - an amulet of magic regeneration (around neck)
 H - an amulet of the acrobat
 I - a +4 ring of protection (right hand)
 S - a +6 ring of strength
 V - a ring of protection from cold
 Z - a ring of magical power
Wands
 t - a wand of charming (8)
 z - a wand of iceblast (16)
 N - a wand of digging (7)
 P - a wand of mindburst (7)
Scrolls
 c - 2 scrolls of silence
 e - 5 scrolls of vulnerability
 h - 5 scrolls of poison
 m - a scroll of fear
 r - a scroll of blinking
 v - a scroll of amnesia
 w - 4 scrolls of revelation
 y - a scroll of butterflies
 B - 2 scrolls of fog {unknown}
 M - 3 scrolls of teleportation
 Q - a scroll of enchant weapon {unknown}
 R - 2 scrolls of immolation
 X - 4 scrolls of brand weapon {unknown}
Potions
 d - 3 potions of brilliance {unknown}
 f - 2 potions of heal wounds
 l - a potion of enlightenment {unknown}
 n - 2 potions of ambrosia {unknown}
 q - 5 potions of curing
 s - 2 potions of berserk rage {unknown}
 A - a potion of might {unknown}
 C - 2 potions of cancellation {unknown}
 D - 2 potions of degeneration {unknown}
 E - 3 potions of lignification {unknown}
 J - a potion of mutation {unknown}
 O - a potion of magic
 T - a potion of resistance
 W - 2 potions of attraction
Miscellaneous
 x - a phantom mirror


   Skills:
 + Level 9.2 Fighting
 - Level 6.0 Axes
 - Level 6.0 Armour
 - Level 5.0 Dodging
 - Level 6.2 Stealth
 + Level 1.1 Shields
 + Level 10.0 Spellcasting
 - Level 6.0 Conjurations
 - Level 7.0 Summonings
 + Level 1.1 Necromancy
 + Level 8.0 Fire Magic
 + Level 7.1 Ice Magic
 + Level 9.3 Air Magic
 + Level 5.2 Earth Magic


You had 3 spell levels left.
You knew the following spells:

 Your Spells              Type           Power      Damage    Failure   Level
a - Borgnjor's Vile Clut  Necr/Erth      18%        N/A       9%          5
b - Stone Arrow           Conj/Erth      100%       3d13      1%          3
c - Plasma Beam           Fire/Air       32%        2x1d45    5%          6
d - Summon Lightning Spi  Summ/Air       62%        N/A       1%          4
e - Airstrike             Air            33%        2d(5-21)  1%          4
g - Freezing Cloud        Conj/Ice/Air   29%        6-21      1%          5
h - Ozocubu's Armour      Ice            58%        N/A       1%          3

Your spell library contained the following spells:

 Spells                   Type           Power      Damage    Failure   Level
 Foxfire                  Conj/Fire      100%       2x1d9     1%          1
 Freeze                   Ice            100%       1d10      1%          1
 Sandblast                Erth           98%        2d20      1%          1
 Shock                    Conj/Air       100%       1d9       1%          1
 Summon Small Mammal      Summ           100%       N/A       1%          1
 Blink                    Tloc           32%        N/A       1%          2
 Cigotuvi's Dreadful Rot  Necr/Alch/Air  76%        N/A       1%          2
 Ensorcelled Hibernation  Hex/Ice        78%        N/A       1%          2
 Lesser Beckoning         Tloc           32%        N/A       1%          2
 Momentum Strike          Conj/Tloc      70%        3d9       1%          2
 Static Discharge         Conj/Air       100%       3-8/arc   1%          2
 Call Canine Familiar     Summ           57%        N/A       1%          3
 Inner Flame              Hex/Fire       42%        N/A       1%          3
 Passwall                 Erth           49%        N/A       1%          3
 Swiftness                Air            66%        N/A       1%          3
 Volatile Blastmotes      Fire/Tloc      84%        2d17      1%          3
 Fugue of the Fallen      Necr           23%        N/A       2%          3
 Tukima's Dance           Hex            16%        N/A       3%          3
 Animate Armour           Summ/Erth      100%       N/A       1%          4
 Brom's Barrelling Bould  Conj/Erth      51%        2d7       1%          4
 Flame Wave               Conj/Fire      57%        2d14      1%          4
 Summon Blazeheart Golem  Fire/Summ      59%        N/A       1%          4
 Ignite Poison            Fire/Alch      42%        N/A       2%          4
 Martyr's Knell           Necr/Summ      42%        N/A       2%          4
 Sticky Flame             Fire/Alch      42%        2d8       2%          4
 Fulminant Prism          Conj/Alch      17%        3d10      3%          4
 Iskenderun's Mystic Bla  Conj/Tloc      35%        2d8       3%          4
 Petrify                  Alch/Erth      32%        N/A       4%          4
 Silence                  Hex/Air        23%        N/A       4%          5
 Dispel Undead            Necr           23%        3d12      8%          4
 Metabolic Englaciation   Hex/Ice        19%        N/A       8%          5
 Anguish                  Hex/Necr       9%         N/A       10%         4
 Starburst                Conj/Fire      28%        6d9       11%         6
 Dimensional Bullseye     Hex/Tloc       8%         N/A       12%         4
 Olgreb's Toxic Radiance  Alch           16%        N/A       12%         4
 Passage of Golubria      Tloc           16%        N/A       12%         4
 Alistair's Intoxication  Alch           10%        N/A       32%         5
 Ozocubu's Refrigeration  Ice            29%        4d13      45%         7
 Death Channel            Necr           11%        N/A       71%         6
 Eringya's Noxious Bog    Alch           8%         4d6       86%         6
 Discord                  Hex            8%         N/A       100%        8
 Lehudib's Crystal Spear  Conj/Erth      25%        10d7      100%        8
 Polar Vortex             Ice            29%        12d3*     100%        9


Dungeon Overview and Level Annotations

Branches:
Dungeon (11/15)            Temple (0/1) D:5            Lair (5/5) D:11
 Shoals (0/4) Lair:2        Snake (0/4) Lair:2        Slime (0/5) Lair:5
    Orc (2/2) D:10
    Elf: Orc:2

Shops:
D:2 (   D:6 ?

Annotations:
D:9 freezing cloud -> plasma beam
D:10 Clutch -> refrigeration -> Polar Vortex
Lair:2 plasma beam -> refrigeration


Innate Abilities, Weirdness & Mutations

You have an increased reservoir of magic. (+10% MP)
You shall have no god before yourself.
Your divine heritage dramatically boosts your attributes as you level up.


Message History

The two-headed ogre closely misses your butterfly. x2
The two-headed ogre hits your butterfly with a +0 giant spiked club!!
Your butterfly dies!
Your butterfly disappears in a burst of colours!
The two-headed ogre struggles to escape constriction.
The ogre barely misses your butterfly. The ogre misses your butterfly.
The troll escapes!
The deep troll barely misses your butterfly.
The deep troll claws your butterfly!!
Your butterfly dies!
Your butterfly disappears in a burst of colours!
The two-headed ogre completely misses your butterfly. x2
Casting: Borgnjor's Vile Clutch (dangerous; 9% risk of failure)
Confirm with . or Enter, or press ? or * to list all spells.
Aiming: Freezing Cloud (dangerous; 1% risk of failure)
Press: ? - help, Dir - move target, p - two-headed ogre You are engulfed in freezing vapours.
* * * LOW HITPOINT WARNING * * *
The zombie hands constrict the two-headed ogre! x2
The zombie hands release their grip on the two-headed ogre.
Your butterfly is engulfed in freezing vapours.
You kill your butterfly!
Your butterfly disappears in a burst of colours!
Your butterfly is engulfed in freezing vapours.
You kill your butterfly!
Your butterfly disappears in a burst of colours!
The two-headed ogre escapes!
The two-headed ogre completely misses your butterfly. x2
The ogre is engulfed in freezing vapours.
The two-headed ogre hits your butterfly with a +0 giant club.
Your butterfly dies!
Your butterfly disappears in a burst of colours!
The ogre completely misses your butterfly.
The deep troll is engulfed in freezing vapours.
You are engulfed in freezing vapours.
* * * LOW HITPOINT WARNING * * *
The ogre is engulfed in freezing vapours.
The ogre attacks as it pursues you!
The ogre hits you with a +0 giant spiked club!
You die...

.#.###...#...........
$....#..#(...........
#.....b)#.bb.........
##.........b.........
##...b.O.OObb.......
##.b.b§§§O.b.......
#....§T§.[TO......
#...O§§§Obbb).....
#...@.bbT÷bO.bb...
#..b...bb..O...b..
#.....b.OO.b[.....
#.....b........b..
#.................
.$................
.#.................
....................


You could see 5 two-headed ogres, a deep troll, 2 trolls and 6 ogres.

Vanquished Creatures
  Gastronok (D:11)
  2 dire elephants (Lair:5)
  Snorg (Lair:5)
  Josephine (Lair:4)
  2 hydras (Lair:5)
  Erica (D:8)
  2 two-headed ogres
  2 ogre magi (Orc:2)
  A death yak (Lair:5)
  3 skysharks
  Nergalle (Lair:3)
  A deep troll (Orc:2)
  A spectral anaconda (Lair:5)
  An obsidian statue (Lair:5)
  An orc knight (Orc:1)
  3 necromancers (Lair:5)
  4 harpies (Lair:2)
  2 oklob plants
  A cyclops (Orc:2)
  21 elephants
  5 black mambas
  Joseph (D:8)
  17 cane toads
  A dire elephant zombie (Lair:5)
  3 rime drakes
  A dire elephant skeleton (Lair:5)
  9 komodo dragons
  5 trolls
  Prince Ribbit (D:9)
  3 polar bears
  3 hornets
  13 blink frogs
  4 dream sheep (Lair:5)
  3 shadows
  50 yaks
  A vampire (D:11)
  3 wraiths
  4 wyverns
  Eustachio (D:4)
  3 basilisks
  A steam dragon (D:8)
  2 wargs (Orc:2)
  A vampire mosquito (D:11)
  3 nagas (Lair:2)
  12 water moccasins
  7 orc warriors
  4 ice beasts
  4 black bears
  2 elephant zombies (Lair:5)
  9 ogres
  6 wolves
  4 centaurs
  A phantom (D:7)
  A lemure (D:8)
  4 kobold brigands
  Blork the orc (D:6)
  13 bullfrogs
  2 cane toad simulacra (Lair:5)
  4 scorpions
  2 wights (D:7)
  3 elephant simulacra (Lair:5)
  13 killer bees
  2 electric eels
  2 howler monkeys (D:9)
  4 crimson imps (D:3)
  2 gnoll boudas
  4 hounds
  16 orc priests
  14 jellies
  2 sleepcaps (D:4)
  4 iguanas
  7 orc wizards
  A hell rat (Lair:4)
  9 adders
  10 gnolls
  5 shadow imps
  2 white imps (D:6)
  3 ribbon worms
  42 orcs
  3 ball pythons
  6 endoplasms
  9 giant cockroaches
  7 goblins
  7 hobgoblins
  25 kobolds
  7 quokkas
  8 bats
  3 frilled lizards (D:2)
  5 rats
491 creatures vanquished.

Vanquished Creatures (collateral kills)
  A dire elephant (Lair:5)
  Harold (D:9)
  A hydra (Lair:5)
  A boulder beetle (Lair:5)
  2 two-headed ogres (Orc:2)
  3 death yaks (Lair:5)
  Pikel (D:8)
  A necromancer (Lair:5)
  4 elephants
  2 black mambas
  3 cane toads
  A rime drake (Lair:5)
  A polar bear (Lair:4)
  3 blink frogs (Lair:3)
  3 wraiths (Lair:4)
  18 yaks
  3 vampire mosquitoes (D:11)
  3 water moccasins
  3 orc warriors
  A black bear (Lair:2)
  3 wolves (Lair:3)
  2 lemures (D:8)
  A kobold brigand (D:9)
  A bullfrog (Lair:1)
  A scorpion (D:6)
  3 wights (D:7)
  4 killer bees
  A howler monkey (D:9)
  An orc priest (D:10)
  An iguana (D:6)
  3 hell rats (Lair:4)
  2 gnolls (D:9)
  8 orcs
  8 kobolds
  4 boulders
99 creatures vanquished.

Vanquished Creatures (others)
  12 blazeheart cores
  4 boulders (D:8)
16 creatures vanquished.

Grand Total: 606 creatures vanquished

Notes
Turn   | Place    | Note
-------+----------+-------------------------------------------
     0 | D:1      | wingedge the Demigod Earth Elementalist began the quest for
                  | the Orb.
     0 | D:1      | Reached XP level 1. HP: 14/14 MP: 5/5
   664 | D:2      | Reached XP level 2. HP: 20/20 MP: 4/7
  1263 | D:2      | Reached skill level 1 in Conjurations
  1263 | D:2      | Reached XP level 3. HP: 19/26 MP: 4/8
  1314 | D:2      | Learned a level 3 spell: Stone Arrow
  1477 | D:2      | Found Yleiwk's Antique Weapon Boutique.
  1549 | D:2      | Reached skill level 2 in Spellcasting
  2205 | D:3      | Reached XP level 4. HP: 29/33 MP: 5/10
  2535 | D:3      | Reached skill level 3 in Spellcasting
  2535 | D:3      | Reached XP level 5. HP: 36/38 MP: 9/12
  2554 | D:3      | Found a transporter.
  2580 | D:3      | Found a transporter.
  2952 | D:4      | Reached XP level 6. HP: 45/45 MP: 7/14
  3374 | D:4      | Reached skill level 1 in Fighting
  3374 | D:4      | Reached skill level 4 in Spellcasting
  3513 | D:4      | Reached XP level 7. HP: 52/52 MP: 10/16
  3665 | D:4      | Noticed Eustachio
  3671 | D:4      | Killed Eustachio
  4094 | D:5      | Entered Level 5 of the Dungeon
  4103 | D:5      | Found a transporter.
  4113 | D:5      | Found a transporter.
  4337 | D:5      | Reached skill level 5 in Earth Magic
  4337 | D:5      | Reached XP level 8. HP: 62/62 MP: 12/18
  4500 | D:5      | Found a staircase to the Ecumenical Temple.
  5260 | D:6      | Reached skill level 5 in Spellcasting
  5260 | D:6      | Reached skill level 5 in Conjurations
  5488 | D:6      | Reached skill level 1 in Summonings
  5493 | D:6      | Reached skill level 1 in Air Magic
  5871 | D:6      | Found Rucojo's Magic Scroll Emporium.
  5879 | D:6      | Bought a scroll of revelation for 90 gold pieces
  5879 | D:6      | Bought 2 scrolls of identify for 48 gold pieces
  5879 | D:6      | Bought a scroll of teleportation for 36 gold pieces
  6080 | D:6      | Learned a level 4 spell: Brom's Barrelling Boulder
  6379 | D:6      | Noticed Blork the orc
  6384 | D:6      | Killed Blork the orc
  6925 | D:2      | Bought a glimmering broad axe for 216 gold pieces
  6925 | D:2      | Identified the +5 broad axe of Tuclaetoy {drain, Str+6}
                  | (You bought it in a shop on level 2 of the Dungeon)
  7060 | D:7      | Noticed a hornet
  7070 | D:7      | Killed a hornet
  7071 | D:7      | Reached XP level 9. HP: 71/71 MP: 9/21
  7124 | D:7      | Reached skill level 1 in Armour
  7434 | D:7      | Learned a level 4 spell: Summon Lightning Spire
  7439 | D:7      | Learned a level 4 spell: Airstrike
  7630 | D:7      | Reached skill level 6 in Spellcasting
  7899 | D:8      | Noticed Joseph
  7985 | D:8      | Killed Joseph
  8220 | D:8      | Reached skill level 5 in Fighting
  8352 | D:8      | Noticed Erica
  8389 | D:8      | Noticed Pikel
  8399 | D:8      | Killed Erica
  8400 | D:8      | Reached XP level 10. HP: 65/81 MP: 15/23
  8404 | D:8      | Killed Pikel
  8557 | D:8      | Learned a level 4 spell: Summon Blazeheart Golem
  8710 | D:8      | Reached skill level 1 in Fire Magic
  9275 | D:9      | Noticed a two-headed ogre
  9282 | D:9      | Killed a two-headed ogre
  9283 | D:9      | Reached skill level 7 in Spellcasting
  9283 | D:9      | Reached skill level 5 in Summonings
  9283 | D:9      | Reached skill level 5 in Air Magic
  9399 | D:9      | Noticed Harold
  9410 | D:9      | Killed Harold
  9419 | D:9      | Noticed Prince Ribbit
  9426 | D:9      | Killed Prince Ribbit
 10154 | D:10     | Entered Level 10 of the Dungeon
 10282 | D:10     | Reached XP level 11. HP: 86/86 MP: 13/26
 10457 | D:10     | Reached skill level 1 in Ice Magic
 10494 | D:10     | Found a staircase to the Orcish Mines.
 10642 | D:10     | Found a transporter.
 10662 | D:10     | Found a transporter.
 10662 | D:10     | Found a transporter.
 10664 | D:10     | Found a transporter.
 10843 | D:11     | Reached skill level 1 in Axes
 11188 | D:11     | Noticed a two-headed ogre
 11196 | D:11     | Killed a two-headed ogre
 11267 | D:11     | Found a staircase to the Lair.
 11335 | D:11     | Learned a level 5 spell: Freezing Cloud
 11387 | D:11     | Noticed Gastronok
 11397 | D:11     | Killed Gastronok
 11849 | D:11     | Reached skill level 5 in Armour
 12028 | Lair:1   | Entered Level 1 of the Lair of Beasts
 12386 | Lair:1   | Identified the +1 spear "Sewk" {spect, rC+ rCorr Dex+3}
 12487 | Lair:1   | Reached XP level 12. HP: 48/96 MP: 24/28
 12669 | Lair:1   | Reached skill level 8 in Spellcasting
 13185 | Lair:2   | Found a staircase to the Snake Pit.
 13463 | Lair:2   | Reached skill level 5 in Dodging
 13497 | Lair:2   | Reached skill level 5 in Fire Magic
 13696 | Lair:2   | Identified the +11 short sword "Himatt" {elec, Str+4}
 13781 | Lair:2   | Learned a level 6 spell: Plasma Beam
 13919 | Lair:2   | Found a staircase to the Shoals.
 14708 | Lair:3   | Noticed Nergalle
 14717 | Lair:3   | Killed Nergalle
 15062 | Lair:3   | Reached skill level 5 in Ice Magic
 15119 | Lair:3   | Reached XP level 13. HP: 92/105 MP: 28/30
 15722 | Lair:4   | Noticed Josephine
 15728 | Lair:4   | Killed Josephine
 15976 | Lair:4   | Reached skill level 9 in Spellcasting
 16987 | Lair:5   | Entered Level 5 of the Lair of Beasts
 17021 | Lair:4   | Reached skill level 5 in Stealth
 17403 | Lair:5   | Reached skill level 5 in Axes
 17793 | Lair:5   | Noticed Snorg
 17801 | Lair:5   | Killed Snorg
 18054 | Lair:5   | Reached XP level 14. HP: 96/116 MP: 24/32
 18253 | Lair:5   | Found a staircase to the Slime Pits.
 18508 | Lair:5   | Identified a scroll of acquirement
 20172 | Lair:5   | Acquired the Almanac of Breezy Ice
 20178 | Lair:5   | Learned a level 3 spell: Ozocubu's Armour
 20521 | D:10     | Learned a level 5 spell: Borgnjor's Vile Clutch
 20522 | Orc:1    | Entered Level 1 of the Orcish Mines
 20729 | Orc:2    | Entered Level 2 of the Orcish Mines
 20746 | Orc:1    | Reached skill level 10 in Spellcasting
 20935 | Orc:2    | Reached skill level 1 in Shields
 20935 | Orc:2    | Reached skill level 1 in Necromancy
 20948 | Orc:2    | HP: 5/118 [two-headed ogre/+0 giant spiked club (9)]
 20959 | Orc:2    | HP: 4/118 [kobold blastminer/arrow (3)]
 21352 | Orc:2    | Slain by an ogre

Illustrated notes

Levels and vault maps discovered:
D:1:      heliophobic_arrival_dark_side_of_the_moon, layout_basic,
          shapermc_ecumenical_altar_ellora, chequers_jeans
D:2:      layout_basic, serial_shops, shop, serial_bayou_pond_b,
          dreamdust_mushroom_princess, grunt_decor_one_mirror,
          lexackson_kobold_supper
D:3:      gammafunk_wand_slinger, layout_loops_ring, led_xom_imps
D:4:      nicolae_cairo_tiling, layout_basic, grunt_temple_overflow_open,
          uniq_eustachio
D:5:      gammafunk_cloud_chamber, layout_cave_pods, minmay_temple_entry_grid,
          fountainhead
D:6:      layout_basic, lightli_temple_of_fire, serial_shops, shop_statue,
          gup_sewer_entry_bubbles, uniq_blork_the_orc
D:7:      layout_rooms, tso_oasis_becter
D:8:      layout_basic, kennysheep_small_square, uniq_pikel, uniq_joseph,
          uniq_erica
D:9:      layout_cave_pods, uniq_prince_ribbit1, uniq_harold
D:10:     layout_cave_pools, david_orc_5, nicolae_diode_intersection
D:11:     layout_stronghold, grunt_lair_entry_orc_guard_hut,
          hangedman_decor_opposing, uniq_gastronok
Lair:1:   layout_big_grid, grunt_megastairs_5
Lair:2:   layout_loops_ring, nicolae_shoals_entry_roost,
          minmay_snake_entry_guardpost_small, grunt_megastairs_4
Lair:3:   layout_regular_city, nicolae_quartered_pool_medium,
          grunt_forest_small_clearing_treed, uniq_nergalle
Lair:4:   layout_cave_pods, minmay_lair_oklob_bushes, grunt_megastairs_1,
          uniq_josephine
Lair:5:   due_jungle_book, layout_long_grid, minmay_slime_entry_jelly_boxes,
          uniq_snorg
Orc:1:    nicolae_orc_accident_2, layout_caves, serial_shops, shop, uniq_maurice
Orc:2:    st_orc_open, layout_caves, nicolae_orc_crystal_geode

Skill      XL: |  1  2  3  4  5  6  7  8  9 10 11 12 13 14 |
---------------+-------------------------------------------+-----
Earth Magic    | 3 4 5 |  5.2
Conjurations   | 1 2 3 4 5 6 |  6.0
Spellcasting   | 2 3 4 5 6 7 8 9 10 | 10.0
Stealth        | 2 3 4 5 6 |  6.2
Dodging        | 2 3 4 5 |  5.0
Fighting       | 1 2 4 5 6 7 8 9 |  9.2
Summonings     | 2 4 5 6 7 |  7.0
Air Magic      | 2 4 5 6 7 8 9 |  9.3
Armour         | 3 4 5 6 |  6.0
Fire Magic     | 3 4 5 7 8 |  8.0
Ice Magic      | 3 5 6 7 |  7.1
Axes           | 2 4 5 6 |  6.0
Shields        | 1 |  1.1
Necromancy     | 1 |  1.1

Action                     |  1- 3 |  4- 6 |  7- 9 | 10-12 | 13-15 || total
---------------------------+-------+-------+-------+-------+-------++-------
  Melee: Whip              |     3 |       |       |       |       ||     3
         Mace              |     3 |       |       |       |       ||     3
         Dagger            |     5 |       |    13 |       |       ||    18
         Broad axe         |       |       |     3 |   108 |   133 ||   244
         Punch             |       |       |       |     1 |     3 ||     4
         Spear             |       |       |       |       |     4 ||     4
   Cast: Sandblast         |    63 |    41 |     9 |       |       ||   113
         Stone Arrow       |     1 |    44 |   149 |   166 |   125 ||   485
         Brom's Barrelling |       |       |     6 |     4 |       ||    10
         Summon Lightning  |       |       |     6 |    27 |    22 ||    55
         Airstrike         |       |       |       |    83 |    77 ||   160
         Summon Blazeheart |       |       |       |    19 |     6 ||    25
         Freezing Cloud    |       |       |       |    14 |    32 ||    46
         Plasma Beam       |       |       |       |       |    25 ||    25
         Ozocubu's Armour  |       |       |       |       |    11 ||    11
         Borgnjor's Vile C |       |       |       |       |     1 ||     1
  Evoke: Wand              |       |       |     3 |       |       ||     3
    Use: Scroll            |       |       |     8 |     5 |    11 ||    24
         Potion            |       |       |     3 |       |     2 ||     5
   Stab: Distracted        |       |       |       |     4 |     2 ||     6
         Fleeing           |       |       |       |       |     1 ||     1
 Armour: Robe              |    18 |    13 |    38 |       |    87 ||   156
         Ring mail         |       |       |    40 |   179 |   138 ||   357
  Dodge: Dodged            |    14 |    19 |    55 |   142 |   171 ||   401
